 Dungeon Crawl Stone Soup version 0.30.0-29-ga12c61a403 (webtiles) character file.

Game seed: 4849865351959018008

1095 AlGokalmin the Magician (level 8, -2/42 HPs)
             Began as a Deep Elf Venom Mage on June 10, 2023.
             Was an Initiate of Vehumet.
             Slain by a manticore (17 damage)
             ... on level 6 of the Dungeon.
             The game lasted 00:42:31 (13133 turns).

AlGokalmin the Magician (Deep Elf Venom Mage)      Turns: 13133, Time: 00:42:31

Health: -2/42      AC:  7    Str:  8    XL:     8   Next: 10%
Magic:  13/21      EV: 13    Int: 30    God:    Vehumet [......]
Gold:   2307       SH:  0    Dex: 15    Spells: 15/22 levels left

rFire   . . .        p - +7 hand axe of Disharmony {protect, rPois Str+3 Int+4}
rCold   . . .        (no shield)
rNeg    . . .        v - +2 robe {Will+}
rPois   +            n - +2 helmet {Int+3}
rElec   .            (no cloak)
rCorr   .            (no gloves)
SInv    .            (no boots)
Will    +....        (no amulet)
Stlth   +++          k - ring of flight
HPRegen 0.27/turn    (no ring)
MPRegen 0.17/turn

%: no passive effects
@: spiked, flying
A: no striking features
a: Renounce Religion


You were on level 6 of the Dungeon.
You worshipped Vehumet.
Vehumet was noncommittal.
You visited 2 branches of the dungeon, and saw 7 of its levels.
You also visited: Sewer.

You collected 2307 gold pieces.

Inventory:

Hand Weapons
 d - a +1 short sword of venom
 p - the +7 hand axe of Disharmony (weapon) {protect, rPois Str+3 Int+4}
   (You found it on level 2 of the Dungeon)

   Str:       It affects your strength (+3).
   Int:       It affects your intelligence (+4).
   rPois:     It protects you from poison.
Armour
 n - a +2 helmet of intelligence (worn)
 v - a +2 robe of willpower (worn)
Jewellery
 k - a ring of flight (left hand)
 A - an amulet of guardian spirit
Wands
 m - a wand of mindburst (17)
Scrolls
 g - 5 scrolls of amnesia
 j - a scroll of fog
 o - a scroll of teleportation
 r - 3 scrolls of blinking
 t - 2 scrolls of brand weapon
 u - 2 scrolls of identify
 w - 2 scrolls of enchant armour
 y - a scroll of enchant weapon
 C - a scroll of immolation {unknown}
 D - a scroll of poison {unknown}
Potions
 a - 3 potions of haste {unknown}
 b - a potion of magic
 c - 2 potions of berserk rage {unknown}
 e - 3 potions of brilliance {unknown}
 f - 4 potions of flight {unknown}
 h - 3 potions of heal wounds {unknown}
 i - 4 potions of curing
 l - 5 potions of attraction {unknown}
 q - 3 potions of invisibility {unknown}
 s - a potion of ambrosia {unknown}
 x - 3 potions of cancellation {unknown}
 z - 2 potions of degeneration {unknown}
 B - a potion of mutation {unknown}
 E - a potion of might {unknown}


   Skills:
 + Level 0.9 Fighting
 + Level 0.2 Short Blades
 + Level 2.4 Axes
 + Level 3.4 Dodging
 + Level 4.1 Stealth
 + Level 7.5 Spellcasting
 + Level 1.9 Transmutations
 + Level 3.0 Air Magic
 + Level 6.3 Poison Magic


You had 15 spell levels left.
You knew the following spells:

 Your Spells              Type           Power      Damage    Failure   Level
a - Sting                 Tmut/Pois      100%       1d8       1%          1
b - Poisonous Vapours     Pois/Air       78%        N/A       1%          2
c - Olgreb's Toxic Radia  Pois           49%        N/A       3%          4

Your spell library contained the following spells:

 Spells                   Type           Power      Damage    Failure   Level
 Mephitic Cloud           Conj/Pois/Air  29%        N/A       3%          3
 Freeze                   Ice            44%        1d6       4%          1
 Frozen Ramparts          Ice            22%        1d4       14%         3
 Hailstorm                Conj/Ice       11%        3d5       14%         3


Dungeon Overview and Level Annotations

Branches:
Dungeon (6/15)             Temple (1/1) D:5           Sewer (visited)

Altars:
Cheibriados
Dithmenos
Elyvilon
Gozag
Hepliaklqana
Makhleb
Nemelex Xobeh
Okawaru
Qazlal
Trog
Uskayaw
Vehumet
Zin
The Shining One

Shops:
D:2 =

Annotations:
D:4 3 runed translucent doors, Zazubon's ghost, amateur TrMo


Message History

Done waiting.
q - 3 metallic golden potions (gained 1)
A manticore comes into view.
The manticore flicks its tail.
The volley of spikes misses you.
Casting: Poisonous Vapours (safe; 1% risk of failure)
Confirm with . or Enter, or press ? or * to list all spells.
You begin to radiate toxic energy.
The manticore is poisoned.
The manticore looks even sicker.
The manticore flicks its tail.
The volley of spikes hits you.
The barbed spikes become lodged in your body.
The barbs in your skin will harm you if you move.
Continue?
Okay, then.
Casting: Olgreb's Toxic Radiance (dangerous; 3% risk of failure)
Confirm with . or Enter, or press ? or * to list all spells.
Aiming: Poisonous Vapours (safe; 1% risk of failure)
Press: ? - help, Dir - move target, f - manticore
Aim: a manticore (moderately wounded, very poisoned) Poisonous vapours surround the manticore!
The manticore looks as sick as possible! x2
Your toxic aura wanes.
The manticore flicks its tail.
The volley of spikes hits you!
The barbed spikes become lodged in your body.
The sting hits the manticore but does no damage.
The manticore looks as sick as possible!
The manticore is moderately wounded.
The sting hits the manticore.
The manticore looks as sick as possible!
The manticore is moderately wounded.
The sting hits the manticore.
The manticore looks as sick as possible!
The manticore is heavily wounded.
The manticore bites you!!
The manticore claws you but does no damage. x2
You barely miss the manticore.
The manticore is heavily wounded.
The manticore bites you!
You die...

..# ##.# ## ##..#
.### .####...#
#####... ♣.......##
#.....# # ## #.....
#.#..# #.# #.###..##
#...###.##.##(###).^
#.#@H..###.# #....##
#.##...##...##...##
#.##...#..#..#..##
#.###....##.....##
#.###.##.##......#
#........##.####.#
#####.##.##. #.# #.#
## #.### #†# #.#..


You could see a manticore (extremely poisoned).

Vanquished Creatures
  Eustachio (D:5)
  A black bear (D:5)
  A phantom (D:5)
  3 kobold brigands (Sewer)
  A gnoll sergeant (D:6)
  2 hounds
  Jessica (D:3)
  2 iguanas
  2 orc wizards (D:5)
  7 gnolls
  11 adders
  2 river rats
  7 worms
  4 dart slugs
  5 orcs
  6 endoplasms
  11 goblins
  5 hobgoblins
  7 jackals
  7 quokkas
  9 ball pythons
  4 frilled lizards
  14 kobolds
  8 rats
121 creatures vanquished.

Notes
Turn   | Place    | Note
-------+----------+-------------------------------------------
     0 | D:1      | AlGokalmin the Deep Elf Venom Mage began the quest for the
                  | Orb.
     0 | D:1      | Reached XP level 1. HP: 10/10 MP: 6/6
   198 | D:1      | Reached XP level 2. HP: 15/15 MP: 5/8
   543 | D:1      | Learned a level 2 spell: Poisonous Vapours
  1297 | D:1      | Reached XP level 3. HP: 19/19 MP: 2/9
  3753 | D:2      | Reached skill level 4 in Spellcasting
  4005 | D:2      | Identified the +7 hand axe of Disharmony {protect, rPois
                  | Str+3 Int+4}
  4461 | D:2      | Reached XP level 4. HP: 16/24 MP: 3/12
  4957 | D:2      | Found Eregic's Jewellery Shop.
  5245 | D:3      | Learned a level 4 spell: Olgreb's Toxic Radiance
  5517 | D:3      | Reached skill level 1 in Air Magic
  5846 | D:3      | Noticed Jessica
  5849 | D:3      | Killed Jessica
  5850 | D:3      | Reached XP level 5. HP: 28/28 MP: 4/14
  6558 | D:4      | Found a runed translucent gate.
  6559 | D:4      | Found a runed translucent gate.
  6559 | D:4      | Found a runed translucent gate.
  6560 | D:4      | Noticed Zazubon's ghost (amateur TrMo)
  6591 | D:4      | Found a glowing drain.
  6655 | Sewer    | Entered a sewer
  6979 | Sewer    | Reached skill level 1 in Axes
  6979 | Sewer    | Reached skill level 5 in Spellcasting
  6979 | Sewer    | Reached skill level 5 in Poison Magic
  7158 | Sewer    | Reached XP level 6. HP: 30/32 MP: 6/16
  8417 | Sewer    | Identified 3 scrolls of acquirement
  8417 | Sewer    | Acquired a +2 helmet of intelligence
  8572 | Sewer    | Acquired 950 gold pieces
  8574 | Sewer    | Acquired 1045 gold pieces
 10324 | D:4      | Reached XP level 7. HP: 33/37 MP: 11/17
 10594 | D:5      | Entered Level 5 of the Dungeon
 10686 | D:5      | Reached skill level 6 in Spellcasting
 10812 | D:5      | Found a staircase to the Ecumenical Temple.
 10825 | Temple   | Entered the Ecumenical Temple
 11708 | D:5      | Found an opulent altar of Gozag.
 11710 | D:5      | Found a radiant altar of Vehumet.
 11720 | D:5      | Became a worshipper of Vehumet
 12673 | D:6      | Noticed Eustachio
 12684 | D:5      | Killed Eustachio
 12685 | D:5      | Reached skill level 7 in Spellcasting
 12708 | D:6      | Reached XP level 8. HP: 39/42 MP: 21/21
 13125 | D:6      | Noticed a manticore
 13133 | D:6      | Slain by a manticore

Illustrated notes

Levels and vault maps discovered:
D:1:      spicycebolla_arrival_risky_transporter, layout_basic
D:2:      layout_rooms, serial_shops, shop, kennysheep_doodads, minivault_24
D:3:      layout_basic, uniq_jessica
D:4:      layout_loops_corners, cheibrodos_sewer_entry_sluice,
          ebering_ghost_rock_garden
D:5:      layout_loops_cross, grunt_temple_overflow_open,
          minmay_temple_entry_slanted, dreamdust_mushroom_princess,
          fountainhead, item_on_display_a
D:6:      layout_loops_ring, overflow_temple_1_default, marbit_many_paths,
          kb_rosetta, uniq_duvessa, uniq_eustachio
Temple:   nicolae_temple_ecumenical_triangle

Skill      XL: |  1  2  3  4  5  6  7  8 |
---------------+-------------------------+-----
Poison Magic   | 4 5 6 |  6.3
Spellcasting   | 4 5 7 |  7.5
Air Magic      | 1 2 3 |  3.0
Stealth        | 3 4 |  4.1
Axes           | 1 2 |  2.4
Dodging        | 3 |  3.4
Fighting       | |  0.9
Short Blades   | |  0.2
Transmutations | |  1.9

Action                     |  1- 3 |  4- 6 |  7- 9 || total
---------------------------+-------+-------+-------++-------
  Melee: Short sword       |    38 |       |       ||    38
         Hand axe          |     4 |    67 |    38 ||   109
         Punch             |       |     1 |       ||     1
   Cast: Sting             |    35 |     7 |     3 ||    45
         Poisonous Vapours |    36 |    38 |    18 ||    92
         Olgreb's Toxic Ra |       |    13 |     8 ||    21
    Use: Scroll            |     2 |    10 |       ||    12
         Potion            |       |       |     1 ||     1
   Stab: Sleeping          |       |     2 |       ||     2
 Armour: Robe              |    10 |    18 |    22 ||    50
  Dodge: Dodged            |    32 |    36 |    26 ||    94
